 Dungeon Crawl Stone Soup version 0.29-a0-360-g8ed1089bbe (webtiles) character file.

Game seed: 3202661867537766148

79 zeratav the Shooter (level 4, -4/26 HPs)
             Began as a Tengu Hunter on Apr 28, 2022.
             Killed by an exploding hobgoblin (30 damage)
             ... ignited by their inner flame
             ... on level 2 of the Dungeon.
             The game lasted 00:02:04 (1738 turns).

zeratav the Shooter (Tengu Hunter)                  Turns: 1738, Time: 00:02:05

Health: -4/26      AC:  3    Str: 11    XL:     4   Next: 37%
Magic:  5/5        EV: 12    Int: 10    God:
Gold:   115        SH:  0    Dex: 19    Spells: 3/3 levels left

rFire   . . .      SeeInvis .   a - +1 shortbow {bow}
rCold   . . .      Faith    .   (shield currently unavailable)
rNeg    . . .      Spirit   .   b - +0 leather armour
rPois   .          Reflect  .   (helmet restricted)
rElec   .          Harm     .   (no cloak)
rCorr   .          Rampage  .   (no gloves)
Will    .....                   (boots unavailable)
Stlth   ++........              (no amulet)
HPRegen 0.08/turn               (no ring)
MPRegen 0.09/turn               (no ring)

@: no status effects
A: beak, talons 3
a: no special abilities


You were on level 2 of the Dungeon.
You visited 1 branch of the dungeon, and saw 2 of its levels.

You collected 115 gold pieces.


Innate Abilities, Weirdness & Mutations

You have a beak for a mouth.
You have claws for feet.


   Skills:
 - Level 2.0 Fighting
 + Level 6.3 Bows
 - Level 2.1 Dodging
 - Level 1.0 Stealth


You had 3 spell levels left.
You didn't know any spells.
Your spell library contained the following spells:

 Spells                   Type           Power      Damage    Failure   Level
 Gell's Gravitas          Tloc           0%         N/A       83%         3
 Teleport Other           Tloc           0%         N/A       83%         3
 Dispersal                Tloc           0%         N/A       100%        6

Inventory:

Hand Weapons
 a - a +1 shortbow (weapon) {bow}
 k - a +3 dagger {short}
   (You took it off a goblin on level 1 of the Dungeon)
Armour
 b - a +0 leather armour (worn)
 o - a +0 leather armour
   (You found it on level 2 of the Dungeon)
Scrolls
 d - 2 scrolls of identify {unknown}
 e - 2 scrolls of teleportation {unknown}
 h - a scroll of enchant weapon {unknown}
 j - a scroll of magic mapping {unknown}
 m - a scroll of acquirement {unknown}
Potions
 f - a potion of brilliance {unknown}
 g - a potion of haste {unknown}
 i - a potion of curing {unknown}
 l - 3 potions of might {unknown}
 n - 2 potions of resistance {unknown}

Dungeon Overview and Level Annotations

Branches:
Dungeon (2/15)

Altars:
Makhleb

Annotations:
D:2 Robin

#.....# #.# #..# #.
#.....#####+######
#..####
#...<.##......... #...#
##+#####........ #...##
......) #....# ....g
#..#.## §§g #...... #○#
#.###.# #@######
#.###..
#......#####.).... #.#
######..##...####^ #.#
#............# #.. #.#
#............# #.. #.#
#####........_...# #..
#.####...............##
#..
#.....†..............#
#..
#................#####
#..


You could see 2 goblins.


Message History

The orc shouts!
You hear a shout!
You shoot an arrow. The arrow hits the orc!
You kill the orc!
An orc comes into view. It is wielding a +0 hand axe.
You have reached level 4!
You feel clever.
HP[+5] MP[+1]
You now have 26 max hp (+5).
Your hp is fully restored (26).
Your mp is fully restored (5).
You shoot an arrow. The arrow hits the orc!
You kill the orc!
An orc comes into view. It is wielding a +0 short sword.
The orc shouts!
An orc is nearby!
You shoot an arrow. The arrow hits the orc.
You shoot an arrow. The arrow hits the orc!
You kill the orc!
No target in view!
No target in view!
No target in view!
No target in view!
Things that are here:
a +0 hand axe {axe}; a +0 morningstar {mace}; a +0 whip {mace} You see here a +0 short sword {short}.
You open the door.
There is an open door here.
Found an escape hatch in the floor.
An adder comes into view.
An adder is nearby!
You shoot an arrow. The arrow hits the adder!
The adder hisses angrily.
You shoot an arrow. The arrow barely misses the adder.
You shoot an arrow. The arrow closely misses the adder.
You shoot an arrow. The arrow hits the adder.
You kill the adder!
No target in view!
No target in view!
No target in view!
n - 2 dark potions You now have 115 gold pieces (gained 15).
You open the door.
A quokka comes into view.
The quokka moves out of view.
No target in view!
There is an open door here.
You shoot an arrow. The arrow hits the quokka.
You shoot an arrow. The arrow misses the quokka.
You shoot an arrow. The arrow closely misses the quokka.
You shoot an arrow. The arrow closely misses the quokka.
The quokka barely misses you.
You shoot an arrow. The arrow completely misses the quokka.
The quokka closely misses you. The quokka barely misses you.
You shoot an arrow. The arrow hits the quokka!
You kill the quokka!
o - a +0 leather armour A bat comes into view.
A bat is nearby!
You shoot an arrow. The arrow hits the bat.
You shoot an arrow. The arrow hits the bat.
You kill the bat!
No target in view!
No target in view!
No target in view!
No target in view!
Found a stone staircase leading down.
Things that are here:
a +0 club {mace}; 3 stones {throwing} As you open the door, it creaks loudly! 3 goblins come into view.
You hear a shout!
The goblin shouts!
You hear a shout! x4
You shoot an arrow. The arrow hits the goblin.
You kill the goblin!
A goblin comes into view. It is wielding a +0 dagger. x2
You shoot an arrow. The arrow hits the goblin!
You kill the goblin!
A goblin comes into view. It is wielding a +0 dagger.
You shoot an arrow. The arrow hits the goblin.
You kill the goblin!
A hobgoblin comes into view.
A goblin comes into view. It is wielding a +0 dagger.
A goblin comes into view. It is wielding a +0 club.
Robin of the Strong Arm comes into view.
They are wielding a +0 antimagic spear.
Really read
c - a scroll of immolation {!r!r}?
Really read the scroll of immolation?
As you read the scroll of immolation {!r!r}, it crumbles to dust.
The creatures around you are filled with an inner flame!
The hobgoblin hits you but does no damage.
There are monsters nearby!
Shoot: a) +1 shortbow {bow}
Press: ? - help, Shift-Dir - straight line, f - hobgoblin
Aim: a hobgoblin (inner flame, 66% to hit)
You shoot an arrow. The arrow hits the hobgoblin.
Flame seeps out of the hobgoblin.
You hear a shout!
The hobgoblin is engulfed in blazing flames.
The hobgoblin explodes!
The fiery explosion engulfs the goblin!!!
The fiery explosion engulfs you!!
Ouch! That really hurt!
You die...

Skill      XL: |  1  2  3 |
---------------+----------+-----
Bows           | 5 6 |  6.3
Fighting       | |  2.0
Dodging        | |  2.1
Stealth        | |  1.0

Action                   |  1- 3 |  4- 6 || total
-------------------------+-------+-------++-------
 Fire: Shortbow          |    80 |    19 ||    99
  Use: Scroll            |       |     1 ||     1
Armor: Leather armour    |    12 |     1 ||    13
Dodge: Dodged            |    17 |     3 ||    20

Levels and vault maps discovered:
D:1:      minmay_arrival_jagged, layout_basic, minmay_tetromino_i2
D:2:      layout_basic, basic_altar, uniq_robin

Notes
Turn   | Place    | Note
-------+----------+-------------------------------------------
     0 | D:1      | zeratav the Tengu Hunter began the quest for the Orb.
     0 | D:1      | Reached XP level 1. HP: 12/12 MP: 2/2
     0 | D:1      | magus.rc [v1.9.6]
   122 | D:1      | Reached XP level 2. HP: 17/17 MP: 3/3
   359 | D:1      | Reached skill level 5 in Bows
   363 | D:1      | You add the spells Gell's Gravitas, Teleport Other and
                  | Dispersal to your library.
   877 | D:1      | Reached XP level 3. HP: 21/21 MP: 4/4
  1249 | D:2      | Found a burning altar of Makhleb.
  1512 | D:2      | Reached skill level 6 in Bows
  1582 | D:2      | Reached XP level 4. HP: 26/26 MP: 5/5
  1736 | D:2      | Noticed Robin
  1738 | D:2      | Killed by an exploding hobgoblin... ignited by their inner
                  | flame

Vanquished Creatures
  2 adders (D:2)
  A dart slug (D:1)
  4 orcs (D:2)
  4 endoplasms
  3 giant cockroaches (D:1)
  10 goblins
  5 hobgoblins
  3 jackals (D:1)
  2 kobolds (D:2)
  3 quokkas (D:2)
  4 ball pythons
  4 bats
  A frilled lizard (D:1)
  4 rats
50 creatures vanquished.

Table legend:
 A = Non-vault XP
 B = Vault XP
 C = Vault XP percentage of total XP
 D = Non-vault monster count
 E = Vault monster count
 F = Vault count percentage of total count
                 A         B        C        D         E       F
            +---------+---------+-------+---------+---------+-------
      Total |     105 |      12 |  10.3 |      43 |       7 |  14.0
            +---------+---------+-------+---------+---------+-------
        D:1 |      44 |       2 |   4.3 |      24 |       2 |   7.7
        D:2 |      61 |      10 |  14.1 |      19 |       5 |  20.8
            +---------+---------+-------+---------+---------+-------

Illustrated notes

Table legend:
 A = Kills in this place as a percentage of kills in entire the game.
 B = Kills by you in this place as a percentage of kills by you in the entire game.
 C = Kills by friends in this place as a percentage of kills by friends in the entire game.
 D = Other kills in this place as a percentage of other kills in the entire game.
 E = Experience gained in this place as a percentage of experience gained in the entire game.
 F = Experience gained in this place divided by the number of levels of this place that you have seen.
                   A       B       C       D       E      F
               +-------+-------+-------+-------+-------+----------------------
         Total | 100.0 | 100.0 |   N/A |   N/A | 100.0 |  58.5
       Dungeon | 100.0 | 100.0 |   N/A |   N/A | 100.0 |  58.5
               +-------+-------+-------+-------+-------+----------------------

Table legend: (Time is in decaauts)
 A = Elapsed time spent in this place.
 B = Non-inter-level travel time spent in this place.
 C = Inter-level travel time spent in this place.
 D = Time resting spent in this place.
 E = Time spent auto-exploring this place.
 F = Levels seen in this place.
 G = Mean time per level.
                   A        B        C        D        E       F      G
               +--------+--------+--------+--------+--------+-----+--------+
         Total |   1764 |   1711 |     53 |      0 |   1510 |   2 |  882.0 |
       Dungeon |   1764 |   1711 |     53 |      0 |   1510 |   2 |  882.0 |
               +--------+--------+--------+--------+--------+-----+--------+

Top non-repeatable levels by time:
     D:1: 1195 daAuts
     D:2: 568 daAuts
